Map: Deathaura LE

Players

A.I. 1 (Very Easy) - Winner!

  • Race: Terran Terran
  • Spawn Location: 11:00

HuShang

  • Race: Protoss Protoss
  • League: Master
  • Spawn Location: 5:00

VOD

Have the link to the VOD?

Description

Time

  • Played on: Oct. 2, 2020, 10:44 p.m.
  • Length: 7:03
Show
View Real Time Build Order
Export as new Build Order

A.I. 1 (Very Easy) Terran - Winner!

Build Orders: Reaper Expand 

Get SALT Encoding   

  12  0:00  SCV  
  13  0:13  SCV  
  14  0:19  Supply Depot  
  14  0:43  Barracks  
  14  1:02  Command Center  
  14  1:30  Orbital Command, Supply Depot  
  14  1:31  Marine  
  15  1:34  Refinery  
  15  1:48  Refinery  
  15  1:56  SCV  
  16  2:08  SCV  
  16  2:14  SCV  
  18  2:16  Reaper  
  18  2:21  SCV  
  20  2:28  SCV  
  21  2:35  SCV  
  22  2:43  SCV  
  22  2:44  Refinery  
  23  2:50  SCV  
  24  2:57  SCV  
  25  3:01  Marine  
  25  3:04  SCV  
  27  3:11  SCV  
  28  3:18  Factory, SCV  
  29  3:39  Refinery  
  30  3:41  SCV  
  30  3:47  Marine  
  32  3:48  SCV  
  32  3:52  Supply Depot  
  33  3:55  SCV  
  33  4:03  SCV  
  33  4:05  Starport, Barracks Tech Lab  
  34  4:10  SCV  
  35  4:17  SCV  
  36  4:24  SCV  
  36  4:28  Supply Depot  
  37  4:32  SCV  
  37  4:33  Marauder  
  40  4:39  SCV  
  40  4:43  Starport Tech Lab  
  41  4:46  SCV  
  42  4:53  SCV  
  43  5:01  SCV  
  43  5:02  Raven  
  46  5:08  SCV  
  47  5:15  SCV  
  47  5:18  Marine  
  49  5:45  Raven  
  51  6:02  SCV  
  51  6:04  Marine  
Show
View Real Time Build Order
Export as new Build Order

HuShang Protoss 

Build Orders: 1 Gate Expand, Blink Stalkers, Colossus Rush 

Get SALT Encoding   

  12  0:00  Probe  
  13  0:12  Probe  
  14  0:16  Pylon  
  14  0:24  Probe (Chrono Boost)  
  15  0:36  Probe (Chrono Boost)  
  15  0:38  Gateway  
  16  0:45  Probe (Chrono Boost)  
  16  0:46  Assimilator  
  17  0:51  Probe  
  18  1:03  Probe  
  19  1:15  Probe  
  20  1:24  Cybernetics Core  
  20  1:27  Probe  
  21  1:34  Nexus  
  21  1:41  Pylon  
  21  1:46  Assimilator  
  21  1:50  Probe  
  22  1:58  Stalker (Chrono Boost)  
  24  2:02  Probe  
  24  2:04  Warp Gate  
  25  2:14  Probe  
  26  2:25  Robotics Facility  
  26  2:26  Probe  
  27  2:35  Stalker  
  29  2:38  Probe (Chrono Boost)  
  30  2:47  Probe (Chrono Boost)  
  30  2:50  Probe (Chrono Boost)  
  32  2:57  Twilight Council, Probe (Chrono Boost)  
  34  2:58  Probe (Chrono Boost)  
  34  3:02  Probe (Chrono Boost)  
  34  3:04  Probe  
  36  3:13  Gateway, Probe  
  36  3:15  Observer (Chrono Boost)  
  36  3:16  Probe  
  36  3:17  Gateway  
  39  3:25  Probe  
  39  3:26  Pylon  
  40  3:29  Probe  
  40  3:30  Blink (Chrono Boost)  
  41  3:37  Probe  
  41  3:40  Pylon  
  41  3:41  Probe  
  43  3:49  Probe  
  43  3:52  Assimilator  
  43  3:53  Stalker, Probe  
  43  3:54  Assimilator  
  47  4:01  Probe  
  48  4:05  Probe  
  49  4:10  Nexus  
  49  4:15  Probe  
  50  4:17  Probe  
  51  4:25  Stalker x3  
  51  4:28  Observer  
  58  4:33  Probe  
  58  4:34  Probe  
  60  4:39  Robotics Bay  
  60  4:40  Pylon  
  60  4:45  Forge  
  60  4:46  Probe x2  
  62  4:55  Pylon  
  62  4:58  Observer, Probe x2  
  65  5:09  Pylon, Charge (Chrono Boost)  
  65  5:10  Probe x2  
  67  5:23  Colossus (Chrono Boost)  
  73  5:31  Gateway  
  73  5:35  Gateway  
  73  5:37  Gateway  
  73  5:42  Zealot  
  73  5:43  Zealot x2  
  79  5:58  Gateway  
  79  6:00  Colossus (Chrono Boost)  
  79  6:01  Gateway  
  84  6:06  Zealot x3  
  90  6:14  Probe x3  
  93  6:22  Pylon  
  93  6:23  Pylon  
  93  6:26  Probe x3  
  96  6:32  Sentry  
  96  6:38  Probe, Sentry  
  102  6:40  Probe  
  102  6:44  Pylon  
  102  6:46  Pylon, Sentry  
  110  6:47  Zealot x3  
  110  6:48  Pylon  
  116  7:02  Stalker x3  
Tags
 
Add a new tag
Caveats
  • Supply blocks, unpowered buildings, or Contaminate may cause inaccurate times.
  • Supply counts are checked every 10 seconds.